 Dungeon Crawl Stone Soup version 0.17.1-1-g73c8601 (webtiles) character file.

503 Maia the Caller (level 7, -3/46 HPs)
             Began as a Human Summoner on Dec 25, 2015.
             Slain by a centaur skeleton (8 damage)
             ... on level 5 of the Dungeon.
             The game lasted 00:23:45 (5919 turns).

Maia the Caller (Human Summoner)                    Turns: 5919, Time: 00:23:45

Health: -3/46      AC:  2    Str:  9      XL:     7   Next: 40%
Magic:  4/13       EV: 12    Int: 20      God:
Gold:   421        SH:  0    Dex: 12 (13) Spells: 4 memorised, 5 levels left

rFire  . . .     SeeInvis .     w - +1 short sword (venom)
rCold  . . .     Clarity  .     a - +0 robe
rNeg   . . .     SustAt   .     (no shield)
rPois  .         Gourm    .     (no helmet)
rElec  .         Spirit   .     (no cloak)
rCorr  +         Warding  .     (no gloves)
rMut   .         Stasis   .     (no boots)
MR     .....                    q - amulet of resist corrosion
Stlth  ++........               (no ring)
                                e - +3 ring of intelligence

@: not resistant to hostile enchantments, unstealthy
A: no striking features
a: no special abilities


You were on level 5 of the Dungeon.
You were not hungry.

You visited 1 branch of the dungeon, and saw 5 of its levels.

You collected 421 gold pieces.

Inventory:

Hand Weapons
 i - a +2 dagger of freezing
 w - a +1 short sword of venom (weapon)
Armour
 a - a +0 robe (worn)
Jewellery
 e - a +3 ring of intelligence (left hand)
 q - an amulet of resist corrosion (around neck)
Wands
 y - a wand of random effects (38)
Scrolls
 f - a scroll of teleportation {unknown}
 k - 2 scrolls of enchant weapon
 l - 3 scrolls of remove curse
 m - 2 scrolls of magic mapping {unknown}
 o - a scroll of random uselessness {unknown}
 p - 2 scrolls of fear
 s - a scroll of recharging {unknown}
 t - 2 scrolls of enchant armour
 x - a scroll of immolation {unknown}
Potions
 d - a potion of cure mutation
 g - a potion of degeneration {unknown}
 h - a potion of lignification {unknown}
 j - a potion of mutation {unknown}
 r - a potion of ambrosia {unknown}
 u - 2 potions of haste
 v - a potion of curing {unknown}
 z - 2 potions of resistance {unknown}
 A - 2 potions of poison {unknown}
Books
 b - a book of Callings

   Spells                             Type                      Level
   a - Summon Small Mammal            Summoning                    1
   b - Call Imp                       Summoning                    2
   c - Call Canine Familiar           Summoning                    3
   d - Summon Guardian Golem          Hexes/Summoning              3
   e - Summon Lightning Spire         Summoning/Air                4
   f - Summon Ice Beast               Ice/Summoning                4
Comestibles
 c - a bread ration
 n - 2 fruits
 B - a meat ration


   Skills:
 - Level 2.0 Dodging
 - Level 2.0 Stealth
 + Level 4.1 Spellcasting
 + Level 7.3 Summonings


You had 5 spell levels left.
You knew the following spells:

 Your Spells              Type           Power        Failure   Level  Hunger
a - Summon Small Mammal   Summ           ####         1%          1    None
b - Call Imp              Summ           ####....     1%          2    #......
c - Call Canine Familiar  Summ           ####....     1%          3    ###....
d - Summon Guardian Gole  Hex/Summ       ###.....     10%         3    ###....


Dungeon Overview and Level Annotations

Branches:
Dungeon (5/15)
 Temple: D:4-7

Altars:
Okawaru
Xom

Annotations:
D:4 Dowan, Duvessa


Message History

Eat which item? (? for menu, Esc to quit)
The centaur skeleton hits you.
You continue eating.
You feel sick.
You are no longer poisoned.
The centaur skeleton hits you!
* * * LOW HITPOINT WARNING * * *
You continue eating.
The centaur skeleton closely misses you.
The centaur skeleton hits you!
* * * LOW HITPOINT WARNING * * *
You finish eating.
That bread ration really hit the spot!
Casting: Call Canine Familiar
Confirm with . or Enter, or press ? or * to list all spells.
The centaur skeleton closely misses you.
Casting: Call Canine Familiar
Confirm with . or Enter, or press ? or * to list all spells.
Your hound disappears in a puff of smoke!
The centaur skeleton hits you!
You die...

..... #......#
#.### ..w #.##.#.#
#.# #5# #.##.#.#
#.# #.# #.##.#.#
#.# #.# #......#
#.# ##.## ####.###
#.#
##..w########.#
####.####
#.....†....##.#
#<......#
##...#####.##@#
#.##.##.# ##..#
###.##Z# #.##.##.#
..####..###....5h#
#.##.....
.........5..#.####
#.#####.#
..####..#####.#
#.# #.# #........#
#.#####.#
#.########
#........ #.#
#.####### #.# #.#
#


You could see a centaur skeleton, a friendly hound and a friendly crimson imp.

Vanquished Creatures
  A sky beast (D:3)
  2 ogres
  A crimson imp (D:5)
  Ijyb (D:3)
  A quasit (D:5)
  5 adders
  2 oozes (D:1)
  3 worms
  A giant gecko (D:2)
  4 orcs
  6 bats
  5 giant cockroaches
  2 hobgoblins
  7 jackals
  5 kobolds
  6 giant newts
  8 goblins
  10 rats
70 creatures vanquished.

Vanquished Creatures (collateral kills)
  The ghost of Musteatbrain the Skirmisher, an amateur DsFi (D:4)
  2 orc priests (D:3)
  A hound skeleton (D:5)
  An adder (D:2)
  4 orcs (D:3)
  A bat (D:3)
  A jackal (D:3)
  A goblin (D:3)
12 creatures vanquished.

Grand Total: 82 creatures vanquished

Notes
Turn   | Place    | Note
--------------------------------------------------------------
     0 | D:1      | Maia the Human Summoner began the quest for the Orb.
     0 | D:1      | Reached XP level 1. HP: 13/13 MP: 3/3
   176 | D:1      | Reached XP level 2. HP: 7/19 MP: 5/5
   180 | D:1      | Learned a level 2 spell: Call Imp
   697 | D:1      | Reached XP level 3. HP: 18/24 MP: 6/6
  1174 | D:1      | Learned a level 3 spell: Call Canine Familiar
  1180 | D:2      | Reached skill level 5 in Summonings
  1417 | D:2      | Found a shimmering altar of Xom.
  1776 | D:2      | Reached XP level 4. HP: 26/30 MP: 7/7
  1916 | D:3      | Found an iron altar of Okawaru.
  2343 | D:3      | Noticed Ijyb
  2379 | D:3      | Killed Ijyb
  2379 | D:3      | Reached skill level 6 in Summonings
  2379 | D:3      | Reached XP level 5. HP: 25/35 MP: 6/8
  2462 | D:3      | Noticed a sky beast
  2617 | D:3      | HP: 1/35 [orc priest/divine providence (13)]
  3559 | D:3      | Killed a sky beast
  3559 | D:3      | Reached XP level 6. HP: 15/41 MP: 4/10
  3744 | D:3      | Learned a level 3 spell: Summon Guardian Golem
  4410 | D:4      | Noticed Duvessa
  4410 | D:4      | Noticed Dowan
  5041 | D:4      | Noticed Musteatbrain's ghost (amateur DsFi)
  5095 | D:4      | Killed Musteatbrain's ghost
  5095 | D:4      | Reached skill level 7 in Summonings
  5377 | D:5      | Entered Level 5 of the Dungeon
  5469 | D:5      | Noticed a sky beast
  5516 | D:5      | Reached XP level 7. HP: 28/46 MP: 12/12
  5919 | D:5      | Slain by a centaur skeleton

Action                   |  1- 3 |  4- 6 |  7- 9 || total
-------------------------+-------+-------+-------++-------
Melee: Dagger            |    89 |    78 |       ||   167
       Unarmed           |     5 |       |       ||     5
       Club              |     1 |       |       ||     1
       Short sword       |       |    90 |    32 ||   122
 Cast: Call Imp          |     1 |    17 |     4 ||    22
       Call Canine Famil |       |     7 |     5 ||    12
  Use: Scroll            |       |     6 |       ||     6
 Stab: Sleeping          |     5 |     2 |       ||     7
       Distracted        |       |     3 |       ||     3
  Eat: Chunk             |     1 |     9 |       ||    10
       Bread ration      |     1 |       |     1 ||     2
       Fruit             |       |     1 |     1 ||     2
